 Dungeon Crawl Stone Soup version 0.25.0-26-g0c896c7088 (webtiles) character file.

Game seed: 18314759114945304102

1389 Delamore the Fighter (level 8, -1/55 HPs)
             Began as a Gargoyle Fighter on July 3, 2020.
             Was a Believer of Okawaru.
             Slain by Duvessa
             ... wielding a +1 rapier of flaming
              (8 damage)
             ... on level 5 of the Dungeon.
             The game lasted 00:07:37 (6233 turns).

Delamore the Fighter (Gargoyle Fighter)             Turns: 6233, Time: 00:07:37

Health: -1/55      AC: 18    Str: 21    XL:     8   Next: 68%
Magic:  8/8        EV:  7    Int: 10    God:    Okawaru [**....]
Gold:   300        SH:  9    Dex:  9    Spells: 7/7 levels left

rFire    . . .     SeeInvis +   a - +1 flail
rCold    . . .     Gourm    .   c - +0 kite shield
rNeg     + + .     Faith    +   l - +3 scale mail {rN+}
rPois    ∞         Spirit   .   w - +0 helmet
rElec    +         Reflect  .   u - +1 cloak
rCorr    .         Harm     .   (no gloves)
MR       .....                  (no boots)
Stlth    ..........             g - amulet of faith
HPRegen  0.18/turn              n - ring of see invisible
MPRegen  0.11/turn              (no ring)

@: no status effects
A: negative energy resistance 1, electricity resistance, unbreathing,
petrification resistance, rot immunity, AC +5
a: Heroism, Renounce Religion


You were on level 5 of the Dungeon.
You worshipped Okawaru.
Okawaru was pleased with you.
You were not hungry.

You visited 1 branch of the dungeon, and saw 5 of its levels.
You also visited: Sewer.

You collected 300 gold pieces.

Inventory:

Hand Weapons
 a - a +1 flail (weapon)
Missiles
 C - 6 javelins (quivered)
Armour
 c - a +0 kite shield (worn)
 l - a +3 scale mail of positive energy (worn)
 u - a +1 cloak (worn)
 w - a +0 helmet (worn)
Jewellery
 g - an amulet of faith (around neck)
 n - a ring of see invisible (left hand)
 s - an uncursed ring of ice
Wands
 z - a wand of disintegration (7)
Scrolls
 e - 2 scrolls of remove curse
 i - a scroll of magic mapping
 j - a scroll of enchant weapon
 m - 2 scrolls of enchant armour
 o - a scroll of random uselessness
 r - a scroll of fog
 y - 2 scrolls of teleportation
 D - a scroll of blinking
Potions
 d - 3 potions of might
 p - 2 potions of curing
 q - a potion of magic {unknown}
 t - a potion of haste {unknown}
 v - 2 potions of brilliance
 x - 2 potions of heal wounds {unknown}
 A - 2 potions of stabbing
 B - a potion of flight {unknown}
Comestibles
 f - 5 rations


   Skills:
 + Level 8.7 Fighting
 + Level 7.6 Maces & Flails
 - Level 3.2 Armour
 - Level 3.2 Shields


You had 7 spell levels left.
You didn't know any spells.
Your spell library was empty.

Dungeon Overview and Level Annotations

Branches:
Dungeon (5/15)              Sewer (visited)
 Temple: D:4-7

Altars:
Fedhas
Okawaru
Qazlal
Trog
Xom
Zin

Shops:
D:5 *

Annotations:
D:5 Duvessa


Innate Abilities, Weirdness & Mutations

You are resistant to torment.
Your stone body is resilient. (AC +5)
You are immune to poison.
You resist negative energy. (rN+)
You are resistant to electric shocks. (rElec)
You can survive without breathing.
You are immune to petrification.
You are immune to rotting.


Message History

Duvessa hits you with a +1 rapier of flaming!
* * * LOW HITPOINT WARNING * * *
Duvessa burns you.
* * * LOW HITPOINT WARNING * * *
The shadow imp hits you but does no damage.
The jackal bites you but does no damage.
You block Duvessa's attack.
You barely miss Duvessa.
Duvessa is almost dead.
Duvessa hits you but does no damage.
The shadow imp hits you but does no damage.
Evoke which item? (* to show all) (? for menu, Esc to quit)
Aiming: Disintegrate
Press: ? - help, Shift-Dir - straight line, f - Duvessa
Aim: Duvessa, wielding a +1 rapier of flaming and wearing a +0 leather armour (almost dead, berserk, chance to defeat MR: 48%) Duvessa resists with some effort.
You block Duvessa's attack. The hound bites you but does no damage.
The shadow imp hits you but does no damage.
Duvessa hits you with a +1 rapier of flaming!
You die...

#(# #.##..,,,,,,,,#.. #.#
#.#..#.,,,<,,,... # #.#
#.#..#.#*****.##. ## #.#
#.#,.#.#* #.*#. .########.##
*.#....,* #,*#.
...........######....#,,*****,*,.
.#######..........#..#,,,,,,,,,,.
.# #...####5##...#.#*****,,,, .#
##### #.@hh.....,,,,,,,,, .#
******###e.....#*****,,,,
.#*******,,,,,,,,h...###*****,*,*
.#,,,,,,,,*******#......,,,,,,,,,
.#,******** *.#####*******,* ##,*
*.#***,,,,,,,,,* *,*
*,.,,,,********* *,* **#***** *,*


You could see Duvessa (berserk), 2 hounds, a shadow imp and a jackal.

Vanquished Creatures
  Grinder (D:3)
  Sigmund (D:3)
  The ghost of Sickboy the Magician, an amateur OpWz (D:4)
  A sky beast (D:5)
  3 bullfrogs
  Dowan (D:5)
  A centaur zombie (D:5)
  2 crimson imps (D:5)
  A hound (D:4)
  Crazy Yiuf (D:2)
  Terence (D:2)
  2 orc wizards
  3 worker ants
  A hound skeleton (D:5)
  A gnoll (D:5)
  10 adders
  An adder zombie (D:5)
  2 adder skeletons (D:4)
  4 worms
  4 dart slugs
  4 leopard geckos
  11 orcs
  9 ball pythons
  15 bats
  14 giant cockroaches
  9 goblins
  7 hobgoblins
  16 jackals (D:5)
  7 kobolds
  A quokka (D:3)
  13 frilled lizards
  7 rats
155 creatures vanquished.

Notes
Turn   | Place    | Note
-------+----------+-------------------------------------------
     0 | D:1      | Delamore the Gargoyle Fighter began the quest for the Orb.
     0 | D:1      | Reached XP level 1. HP: 14/14 MP: 1/1
   222 | D:1      | Reached XP level 2. HP: 19/19 MP: 2/2
   751 | D:1      | Reached XP level 3. HP: 24/24 MP: 3/3
   881 | D:1      | Reached skill level 4 in Fighting
  1445 | D:2      | Found a glowing silver altar of Zin.
  1499 | D:2      | Noticed Terence
  1514 | D:2      | Killed Terence
  1514 | D:2      | Reached XP level 4. HP: 27/30 MP: 4/4
  1699 | D:2      | Found a shimmering altar of Xom.
  1793 | D:2      | Reached XP level 5. HP: 25/34 MP: 5/5
  2102 | D:2      | Found a runed translucent door.
  2103 | D:2      | Noticed Crazy Yiuf
  2192 | D:2      | Killed Crazy Yiuf
  2192 | D:2      | Reached skill level 5 in Fighting
  2551 | D:3      | Noticed Grinder
  2554 | D:3      | Paralysed by Grinder for 7 turns
  2566 | D:3      | Paralysed by Grinder for 7 turns
  2793 | D:3      | Paralysed by Grinder for 3 turns
  2807 | D:3      | Paralysed by Grinder for 5 turns
  2818 | D:3      | Killed Grinder
  2818 | D:3      | Reached skill level 6 in Fighting
  2818 | D:3      | Reached skill level 5 in Maces & Flails
  2818 | D:3      | Reached XP level 6. HP: 27/41 MP: 6/6
  3250 | D:3      | Noticed Sigmund
  3266 | D:3      | Killed Sigmund
  3266 | D:3      | Reached XP level 7. HP: 46/47 MP: 7/7
  3306 | D:3      | Found a bloodstained altar of Trog.
  3684 | D:4      | Found a runed translucent door.
  3816 | D:4      | Found an iron altar of Okawaru.
  3823 | D:4      | Became a worshipper of Warmaster Okawaru
  4382 | D:4      | Reached skill level 7 in Fighting
  4595 | D:4      | Noticed Sickboy's ghost (amateur OpWz)
  4785 | D:4      | Killed Sickboy's ghost
  4785 | D:4      | Reached * piety under Okawaru
  4785 | D:4      | Reached XP level 8. HP: 41/53 MP: 8/8
  4897 | D:5      | Entered Level 5 of the Dungeon
  4985 | D:5      | Found a glowing drain.
  5020 | Sewer    | Entered a sewer
  5315 | Sewer    | Reached skill level 8 in Fighting
  5654 | D:5      | Found Bouqy's General Store.
  5687 | D:5      | Reached ** piety under Okawaru
  5859 | D:5      | Found a blossoming altar of Fedhas.
  5880 | D:5      | Found a stormy altar of Qazlal.
  6211 | D:5      | Noticed Dowan
  6218 | D:5      | Killed Dowan
  6218 | D:5      | Noticed Duvessa
  6233 | D:5      | Slain by Duvessa

Illustrated notes

Levels and vault maps discovered:
D:1:      enne_arrival_octagon_isle, layout_basic, serial_bayou_pond_a
D:2:      layout_rooms, zin_treasury, lemuel_coloured_pillars_altar,
          uniq_terence, uniq_crazy_yiuf_cottage
D:3:      layout_basic, lemuel_round_altar, first_ration, hex_intersection,
          uniq_sigmund, uniq_grinder
D:4:      layout_cave_pods, okawaru_ov_weapons_minmay, ebering_ghost_sewer_d
D:5:      lemuel_castle_with_subvaults [lemuel_castle_interior_carwin_3],
          layout_loops_ring, grunt_temple_overflow_forces_of_nature,
          serial_shops, shop, portal_sewer_entry_a, uniq_duvessa

Skill      XL: |  1  2  3  4  5  6  7  8 |
---------------+-------------------------+-----
Fighting       | 4 6 7 8 |  8.7
Maces & Flails | 3 5 6 7 |  7.6
Armour         | |  3.2
Shields        | |  3.2

Action                   |  1- 3 |  4- 6 |  7- 9 || total
-------------------------+-------+-------+-------++-------
Melee: Flail             |   156 |   133 |   423 ||   712
Throw: Javelin           |       |     9 |     6 ||    15
Evoke: Wand              |       |       |     1 ||     1
  Use: Scroll            |       |       |    10 ||    10
  Eat: Chunk             |     2 |     6 |    11 ||    19
Armor: Scale mail        |   109 |    78 |   294 ||   481
Dodge: Dodged            |    59 |    19 |   159 ||   237
Block: Kite shield       |   118 |    68 |   247 ||   433
